[Event "*** SCC Grand Prix: Titled Tuesday Blitz"]
[Site "Chess.com"]
[Date "2020.10.13"]
[Round "6"]
[White "Sanyura"]
[Black "Ranindu2003"]
[Result "1-0"]
[WhiteElo "2491"]
[BlackElo "2606"]
[TimeControl "180+1"]
[EndTime "11:07:36 PDT"]
[Termination "Sanyura won by checkmate"]

1. e4 e5 2. Nf3 Nc6 3. Bb5 a6 4.
Ba4 Nf6 5. O-O Bc5 6. Nc3 b5 7.
Bb3 d6 8. h3 h6 9. a4 Rb8 10.
axb5 axb5 11. d3 O-O 12. Be3 Re8 13. Qd2 Be6 14. Nd5 Bxd5 15. exd5 Nb4 16. Bxc5 dxc5 17. Rfe1 Qd6 18. c4 bxc4 19. dxc4 e4 20. Nh2 c6 21.
Ba4 Red8 22. Re2 cxd5 23. cxd5 Qxd5 24. Qe3 Qd4 25. Qg3 Ra8 26. Rd1 Qxd1+ 27. Bxd1 Rxd1+ 28. Nf1 Raa1 29. Qb8+ Kh7 30. Qc8 Rxf1+ 31. Kh2 Rh1+ 32. Kg3 Kg6 33. Kh4 Rag1 34. f3 exf3 35. Re5 h5 36.
Qf5+ Kh6 37. Qf4+ Kh7 38. Qf5+ Kg8 39. Rxc5 Rc1 40. Rb5 Nbd5 41. Rb8+ Ne8 42. Rxe8# 1-0

[Event "*** SCC Grand Prix: Titled Tuesday Blitz"]
[Site "Chess.com"]
[Date "2020.10.13"]
[Round "6"]
[White "Akmal_Fayzullaev"]
[Black "thedjoker98"]
[Result "0-1"]
[WhiteElo "2411"]
[BlackElo "2600"]
[TimeControl "180+1"]
[EndTime "11:07:39 PDT"]
[Termination "thedjoker98 won by checkmate"]

1. d4 d5 2. c4 c6 3. Nc3 dxc4 4. e3 b5 5. a4 b4 6. Na2 a5 7.
Bxc4 Ba6 8. Qe2 Bxc4 9. Qxc4 Qd5 10. Qxd5 cxd5 11. Bd2 Nf6 12. Nc1 e6 13. Nb3 Nbd7 14.
Nf3 Bd6 15. O-O Ke7 16. Rfc1 Nb6 17. Ne1 Ne4 18. Nd3 Nxd2 19. Nxd2 Rhc8 20. Kf1 Rxc1+ 21.
Nxc1 f6 22. Nd3 Nc4 23. Nb3 e5 24. dxe5 fxe5 25. Rb1 e4 26. Nf4 Bxf4 27. exf4 d4 28. Re1 Nxb2 29. Rxe4+ Kf6 30. Nc5 d3 31. Rd4 Rc8 32. Nxd3 Nxa4 33. Rd6+ Ke7 34. Ra6 b3 35.
Rxa5 b2 36. Nxb2 Nxb2 37. Ke2 Nc4 38. Ra7+ Kf8 39. g3 Nd6 40. Kf3 h5 41. h3 Rc3+ 42.
Kg2 Rc2 43. Ra4 Kf7 44. g4 h4 45. Kf3 Rc3+ 46. Kg2 Ke6 47. Rd4 Rc4 48. f5+ Ke5 49. Rd2 Ne4 50. Ra2 Kf4 51. Rb2 Rd4 52. Rb8 Rd2 53. Rb7 Rxf2+ 54. Kg1 Rc2 55. Rxg7 Kf3 56. Kf1 Rc1# 0-1

[Event "*** SCC Grand Prix: Titled Tuesday Blitz"]
[Site "Chess.com"]
[Date "2020.10.13"]
[Round "6"]
[White "BanjoKazooieN64"]
[Black "tan275"]
[Result "1-0"]
[WhiteElo "2454"]
[BlackElo "2228"]
[TimeControl "180+1"]
[EndTime "11:07:39 PDT"]
[Termination "BanjoKazooieN64 won on time"]

1. e4 c6 2. Nc3 d5 3. Nf3 Nf6 4. exd5 cxd5 5. Bb5+ Bd7 6. Qe2 e6 7. O-O Bd6 8. d4 O-O 9. Bg5 a6 10. Bd3 h6 11. Bh4 Nc6 12. Rad1 Nb4 13. Ne5 Be7 14.
Nxd7 Qxd7 15. f4 Nxd3 16. Rxd3 Rac8 17. Re3 Rfe8 18. Re1 Ne4 19. Bxe7 Nxc3 20. bxc3 Qxe7 21. f5 Rc6 22. Qg4 Qg5 23. Qf3 Kh7 24. g3 Rec8 25. fxe6 fxe6 26. h4 Qg6 27. R1e2 b5 28. a3 a5 29. Kh2 b4 30. axb4 axb4 31. cxb4 Rxc2 32. Kh3 Rxe2 33. Rxe2 Rc1 34. Qe3 Qb1 35. Qxe6 Rh1+ 36. Kg4 Qd3 37. Qf5+ Qxf5+ 38. Kxf5 Rb1 39. Ke5 Rxb4 40.
Kxd5 Kg6 41. Kc5 Rb3 42. d5 Rc3+ 43. Kd4 Rxg3 44. d6 Rg1 45. Ke5 Rd1 46. Ke6 Rd4 47. d7 1-0

[Event "*** SCC Grand Prix: Titled Tuesday Blitz"]
[Site "Chess.com"]
[Date "2020.10.13"]
[Round "6"]
[White "AsaHoffmann"]
[Black "INLOVEWITHF"]
[Result "1-0"]
[WhiteElo "2344"]
[BlackElo "2521"]
[TimeControl "180+1"]
[EndTime "11:07:40 PDT"]
[Termination "AsaHoffmann won by checkmate"]

1. d4 Nf6 2. Bg5 d5 3. Nd2 c5 4. e3 Nc6 5. c3 e5 6. Bb5 cxd4 7.
exd4 exd4 8. cxd4 h6 9. Bh4 Qb6 10. Qe2+ Be7 11. Bxf6 gxf6 12. Ngf3 Be6 13. O-O O-O-O 14.
Rfc1 Kb8 15. Bxc6 bxc6 16. Rc3 Qc7 17. Rac1 Rc8 18. Qa6 Bd7 19. Nb3 Qb6 20. Qa4 Bg4 21. Nc5 Ka8 22. Rb3 Bxc5 23. Rxb6 Bxb6 24. Rxc6 Bxf3 25.
gxf3 Kb7 26. Rxf6 Rhg8+ 27. Kf1 Rc1+ 28. Ke2 Re8+ 29. Kd2 Ree1 30. Rxf7+ Kb8 31. f4 Rb1 32. f5 Re4 33. Rf8+ Kb7 34. Qd7+ Ka6 35. Kc2 Rbe1 36. Qa4+ Kb7 37. Rf7+ Kb8 38. Qd7 R1e2+ 39. Kb3 R2e3+ 40. fxe3 Rxe3+ 41. Kc2 Re2+ 42. Kd3 Re7 43. Rxe7 Bc7 44. Qxc7+ Ka8 45. Re8# 1-0

[Event "*** SCC Grand Prix: Titled Tuesday Blitz"]
[Site "Chess.com"]
[Date "2020.10.13"]
[Round "6"]
[White "zurzan"]
[Black "SHIVACalypso"]
[Result "0-1"]
[WhiteElo "1994"]
[BlackElo "2366"]
[TimeControl "180+1"]
[EndTime "11:07:40 PDT"]
[Termination "SHIVACalypso won on time"]

1. f4 e6 2. Nf3 d5 3. g3 Nf6 4.
Bg2 Be7 5. O-O O-O 6. d3 c5 7. Qe1 Nc6 8. c3 d4 9. Na3 Rb8 10. Nc4 b5 11. Nce5 Bb7 12. c4 bxc4 13. Nxc4 Nd5 14.
a3 Ba6 15. Nfe5 Nxe5 16. Nxe5 Qc7 17. Rb1 f6 18. Nc4 Rfd8 19. e4 dxe3 20. Nxe3 Bxd3 21.
Nxd5 exd5 22. Qe6+ Kh8 23. Re1 Bxb1 24. Qxe7 Qxe7 25.
Rxe7 d4 26. Rxa7 d3 27. Bd2 Rxb2 28. Ba5 Re8 29. Bc6 Rf8 30. Rd7 g6 31. f5 gxf5 32.
Bc3 Rc2 33. Ba1 d2 34. Ba4 Rc1+ 35. Kf2 Bc2 36. Rxd2 Bxa4 37. Bb2 Rb1 38. Kf3 Re8 39. Kf4 Bc6 40. Kxf5 Be4+ 41. Kxf6 Kg8 42. Kg5 Bg6 43. h4 Rbe1 44. Kg4 h5+ 45. Kh3 Kh7 46. Kg2 R1e2+ 47. Rxe2 Rxe2+ 48. Kf3 Rxb2 49. a4 Ra2 0-1

[Event "*** SCC Grand Prix: Titled Tuesday Blitz"]
[Site "Chess.com"]
[Date "2020.10.13"]
[Round "6"]
[White "orestn"]
[Black "jamalm2"]
[Result "1-0"]
[WhiteElo "2306"]
[BlackElo "1786"]
[TimeControl "180+1"]
[EndTime "11:07:40 PDT"]
[Termination "orestn won on time"]

1. e4 c5 2. Nf3 e6 3. d4 cxd4 4. Nxd4 a6 5. c4 Qc7 6. Nc3 b6 7. Be2 Bb7 8. Be3 Nf6 9. f3 Nc6 10. Rc1 Bc5 11. a3 Nxd4 12. Bxd4 Bxd4 13. Qxd4 Bc6 14.
O-O d6 15. Nd5 Qd8 16. Nxf6+ gxf6 17. Rfd1 Ke7 18. b4 Qc7 19. Rd2 Bb7 20. Qe3 Rhg8 21.
Rcd1 Rad8 22. Qd4 Rg6 23. Bf1 e5 24. Qf2 Bc8 25. c5 bxc5 26. bxc5 f5 27. Qh4+ Kf8 28.
exf5 Bxf5 29. cxd6 Rdxd6 30. Qb4 Qb6+ 31. Qxb6 Rxb6 32. Rd5 Rge6 33. Ra5 f6 34. Rd2 Rec6 35. Kf2 Rb1 36. Bxa6 Rbb6 37. Be2 Kg7 38. Ra7+ Kh6 39. g4 Bg6 40. h4 Rc2 41. Rxc2 1-0

[Event "*** SCC Grand Prix: Titled Tuesday Blitz"]
[Site "Chess.com"]
[Date "2020.10.13"]
[Round "6"]
[White "Hikaru"]
[Black "Guenplen"]
[Result "1-0"]
[WhiteElo "3216"]
[BlackElo "2862"]
[TimeControl "180+1"]
[EndTime "11:07:41 PDT"]
[Termination "Hikaru won by resignation"]

1. e4 c5 2. Nf3 e6 3. d4 cxd4 4. Nxd4 Nf6 5. Bd3 Nc6 6. Nxc6 bxc6 7. Nd2 d5 8. O-O Be7 9. Qe2 O-O 10. b3 a5 11. a4 Nd7 12. Rd1 Nc5 13. Ba3 Nxd3 14. Qxd3 Bxa3 15. Rxa3 Ba6 16. Qe3 d4 17. Qg3 c5 18.
Raa1 Qb8 19. e5 f6 20. exf6 Qxg3 21. f7+ Rxf7 22. hxg3 Bb7 23. Rac1 Bd5 24. Re1 Rb7 25. c4 dxc3 26. Rxc3 Kf7 27. Rxc5 Bxb3 28. Nxb3 Rxb3 29. Rc7+ Kf6 30. Rc6 Re8 31. Ra6 Ra3 32. Rxa5 Ra2 33. Ra7 Rd8 34. Ra6 Re8 35. Re3 h5 36. Rf3+ Kg6 37.
Kh2 Kh7 38. Ra7 Kh6 39. Rff7 Rg8 40. f4 Kg6 41. Rfc7 Kf6 42. a5 Kg6 43. Rc5 Rd8 44. Rg5+ Kf6 45. Rgxg7 Kf5 46. Rg5+ Ke4 47. Re5+ Kd3 48.
Rxe6 h4 49. g4 Kc3 50. Rc7+ Kd4 51. Kh3 Rb8 52. a6 Rbb2 53. Kxh4 Rxg2 54. a7 Ra5 55. f5 Rh2+ 56. Kg5 Rh8 1-0

[Event "*** SCC Grand Prix: Titled Tuesday Blitz"]
[Site "Chess.com"]
[Date "2020.10.13"]
[Round "6"]
[White "CheckThis4"]
[Black "Steven_Rojas"]
[Result "0-1"]
[WhiteElo "2599"]
[BlackElo "2486"]
[TimeControl "180+1"]
[EndTime "11:07:43 PDT"]
[Termination "Steven_Rojas won on time"]

1. e4 e5 2. Nf3 Nc6 3. Bb5 a6 4. Ba4 Nf6 5. O-O b5 6. Bb3 Bc5 7. d3 O-O 8. a4 Rb8 9. axb5 axb5 10. Nc3 h6 11. Be3 d6 12. Bxc5 dxc5 13. h3 Qd6 14. Nd5 Rd8 15. Nxf6+ Qxf6 16. Qe2 Ne7 17. Qe3 Qd6 18.
Nh4 Be6 19. Bxe6 fxe6 20. Qg3 Kh7 21. Nf3 Ng6 22. Ra7 Rf8 23. Rfa1 Nf4 24. R1a6 Ne2+ 25. Kh2 Nxg3 26. Rxd6 Nf1+ 27. Kg1 cxd6 28. Kxf1 Rb6 29.
Ke2 Kg6 30. g4 Kf6 31. h4 b4 32. b3 g5 33. Rh7 Kg6 34. Re7 gxh4 35. Rxe6+ Kf7 36.
Rxh6 Kg7 37. Rxh4 Rh8 38. Rxh8 Kxh8 39. Ng5 Kg7 40. Ke3 Kf6 41. f4 Rb8 42. Nf3 exf4+ 43. Kxf4 Rh8 44. g5+ Ke6 45. Kg4 Rh1 46. g6 Kf6 47.
Kf4 Kxg6 48. e5 d5 49. d4 c4 50. bxc4 dxc4 51. Nd2 b3 0-1

[Event "*** SCC Grand Prix: Titled Tuesday Blitz"]
[Site "Chess.com"]
[Date "2020.10.13"]
[Round "6"]
[White "AldokhinIvan"]
[Black "dosto07"]
[Result "1-0"]
[WhiteElo "2541"]
[BlackElo "2329"]
[TimeControl "180+1"]
[EndTime "11:07:44 PDT"]
[Termination "AldokhinIvan won by resignation"]

1. e4 e5 2. Nf3 Nc6 3. Bb5 a6 4.
Ba4 Nf6 5. O-O Be7 6. Re1 b5 7. Bb3 O-O 8. c3 d6 9. d4 Bg4 10. d5 Na5 11. Bc2 c6 12. h3 Bc8 13. dxc6 Qc7 14.
Nbd2 Qxc6 15. Nf1 Nc4 16. b3 Nb6 17. Bd2 a5 18. Bd3 Bd7 19. g4 h5 20. g5 Nh7 21.
Kh2 g6 22. Ng3 f6 23. gxf6 Rxf6 24. Be3 Raf8 25. Be2 Bd8 26. Rg1 Kh8 27. Rg2 Qc8 28. h4 Bh3 29. Rg1 Bg4 30. Ng5 Nxg5 31. hxg5 Rxf2+ 32. Bxf2 Rxf2+ 33. Rg2 Rxg2+ 34. Kxg2 Qxc3 35. Bxg4 hxg4 36.
Rc1 Qe3 37. Rc6 Bxg5 38. Qxg4 Bf4 39. Rxd6 Qxg3+ 40. Qxg3 Bxg3 41. Kxg3 Nc8 42. Rd8+ Kg7 43. Rxc8 Kf6 44. Rc5 Ke6 45. Rxb5 a4 46. bxa4 Kd6 47.
Kg4 Kc6 48. Kg5 Kd6 49. Kxg6 Ke6 50. Kg5 Kd6 51. Kf5 Kc6 52. Rxe5 Kd6 53. Rd5+ Kc6 54. a5 Kb7 55. Ke5 Ka6 56. Kd4 Kb7 57. e5 Ka6 58. e6 Kb7 59. e7 Ka6 60. e8=Q 1-0

[Event "*** SCC Grand Prix: Titled Tuesday Blitz"]
[Site "Chess.com"]
[Date "2020.10.13"]
[Round "6"]
[White "mr_gustavo"]
[Black "Nikita_Klepikov"]
[Result "1-0"]
[WhiteElo "2406"]
[BlackElo "2231"]
[TimeControl "180+1"]
[EndTime "11:07:44 PDT"]
[Termination "mr_gustavo won on time"]

1. e4 d5 2. exd5 Nf6 3. d4 Bg4 4. Nf3 Qxd5 5. c4 Qa5+ 6. Bd2 Qh5 7. Be2 Nc6 8. d5 Ne5 9. Nxe5 Qxe5 10. Bc3 Qxe2+ 11. Qxe2 Bxe2 12. Kxe2 O-O-O 13. Nd2 e6 14. dxe6 Re8 15. Rae1 Rxe6+ 16. Kd1 Bc5 17. f3 Rhe8 18.
Rxe6 Rxe6 19. Re1 Kd7 20. Rxe6 fxe6 21. Ke2 Ne8 22. Ne4 Be7 23. f4 Nd6 24. Kd3 Nxe4 25. Kxe4 Bf6 26. Be5 h6 27. g4 c6 28. c5 Ke7 29. h4 Bxh4 30. Bxg7 Bf2 31. b4 Be1 32. a3 Bd2 33. Bxh6 Bc1 34. a4 Ba3 35. b5 cxb5 36. axb5 Bxc5 37. Bg7 a6 38. Bd4 Bd6 39. b6 a5 40. g5 Kf7 41. f5 exf5+ 42. Kxf5 a4 43.
g6+ Kg8 44. Ke6 Bb4 45. Kd7 a3 46. Kc7 1-0

[Event "*** SCC Grand Prix: Titled Tuesday Blitz"]
[Site "Chess.com"]
[Date "2020.10.13"]
[Round "6"]
[White "coalescenet"]
[Black "kakakz"]
[Result "0-1"]
[WhiteElo "2185"]
[BlackElo "2362"]
[TimeControl "180+1"]
[EndTime "11:07:45 PDT"]
[Termination "kakakz won on time"]

1. d4 Nf6 2. c4 g6 3. Nc3 Bg7 4.
Nf3 d6 5. Bg5 h6 6. Bh4 Nbd7 7.
e3 O-O 8. Be2 c6 9. O-O e5 10.
Qc2 Re8 11. dxe5 dxe5 12. Rad1 Qe7 13. Nd2 a5 14. Nde4 g5 15. Bg3 Nxe4 16. Nxe4 f5 17. Nd6 f4 18. Qg6 Nf6 19. exf4 exf4 20. Nxe8 Nxe8 21. Bh5 Be6 22. Rfe1 Nc7 23. c5 fxg3 24. hxg3 Qf6 25. Qxf6 Bxf6 26. Rd6 Bxb2 27. Rexe6 Nxe6 28. Rxe6 Bd4 29. Rxh6 Bxc5 30. Rg6+ Kf8 31. Rxg5 Bd4 32. a4 Rd8 33. Rf5+ Ke7 34. Rf7+ Kd6 35. Rxb7 Rf8 36.
Bf3 c5 37. Kf1 Re8 38. Rb1 c4 39. g4 c3 40. Rc1 Kc5 41. Be2 Kb4 42. Bb5 Rf8 43.
f3 Rh8 44. Ke2 Rh2 45. Kd3 Bg7 46. f4 Rxg2 47. g5 Rd2+ 48. Ke3 Rg2 49. Bd3 Kb3 50. Rb1+ Kxa4 51. f5 Rxg5 52. Ra1+ Kb4 53. Kf4 Rg2 54. Rb1+ Rb2 55. Rg1 Bd4 56. f6 Bxg1 57. f7 Rf2+ 0-1

[Event "*** SCC Grand Prix: Titled Tuesday Blitz"]
[Site "Chess.com"]
[Date "2020.10.13"]
[Round "6"]
[White "sergeikim"]
[Black "chito89"]
[Result "0-1"]
[WhiteElo "2525"]
[BlackElo "2802"]
[TimeControl "180+1"]
[EndTime "11:07:47 PDT"]
[Termination "chito89 won on time"]

1. d4 Nf6 2. c4 g6 3. Nc3 Bg7 4. e4 d6 5. Nge2 O-O 6. Ng3 e5 7. d5 a5 8. Be2 Na6 9. O-O Nc5 10. Be3 Bd7 11. h3 a4 12. Qd2 Ne8 13. f4 exf4 14. Bxf4 c6 15. Kh2 Qa5 16. Rac1 Ra6 17. Bh6 Rb6 18. Bxg7 Kxg7 19. Rc2 f6 20. dxc6 bxc6 21. Qd4 Be6 22. Rd2 Nd7 23. h4 a3 24. b3 Qe5 25. h5 Qxd4 26. Rxd4 Ne5 27. Na4 Rb4 28.
Rfd1 c5 29. R4d2 Bxc4 30. Bxc4 Nxc4 31. Re2 Ne5 32. Nc3 Rd4 33. Rc1 Nc7 34. Nb1 Rd3 35. Nxa3 Ne6 36. Nc4 Ng4+ 37. Kh3 gxh5 38. Rf1 Kg6 39.
Rf3 Ng5+ 40. Kh4 Nxf3+ 41. gxf3 Rxf3 42. Nxh5 Ne5 43. Rg2+ Kh6 44. Nxd6 Ng6+ 45. Kg4 Ne5+ 46. Kh4 Rd8 47. Nf5+ Rxf5 48. exf5 Rd4+ 49. Kh3 Kxh5 0-1

[Event "*** SCC Grand Prix: Titled Tuesday Blitz"]
[Site "Chess.com"]
[Date "2020.10.13"]
[Round "6"]
[White "UmarovSabir"]
[Black "Stouuf"]
[Result "0-1"]
[WhiteElo "2381"]
[BlackElo "2599"]
[TimeControl "180+1"]
[EndTime "11:07:48 PDT"]
[Termination "Stouuf won on time"]

1. e4 d6 2. d4 Nf6 3. Nc3 e5 4. dxe5 dxe5 5. Qxd8+ Kxd8 6. Nf3 Bd6 7. Bg5 Be6 8. O-O-O Nd7 9. Nb5 Ke7 10. Nxd6 cxd6 11. Nd2 Rhc8 12. Kb1 h6 13. Bh4 g5 14. Bg3 Nh5 15. Be2 Nf4 16. Bxf4 exf4 17. g3 Ne5 18. h4 fxg3 19. fxg3 Rg8 20. hxg5 Rxg5 21. Rxh6 Rxg3 22. Rh2 Rag8 23. b3 Rg2 24. Rdh1 d5 25.
exd5 Bxd5 26. Rxg2 Rxg2 27. Re1 Kd6 28. Kc1 f5 29.
Bf1 Rxd2 30. Kxd2 Nf3+ 31. Kd1 Nxe1 32. Kxe1 Ke5 33. Kd2 Kf4 34. c4 Be4 35. c5 Kg3 36. b4 Kf4 37. b5 Ke5 38. c6 bxc6 39. bxc6 Bxc6 40. Kc3 f4 41. Kb4 f3 42. Kc3 Ke4 43. Kd2 Kf4 44. Ke1 Ke3 45. Kd1 Ba4+ 46. Kc1 Kf2 47. Bh3 Ke1 48. Kb2 f2 49. Kc3 Bd7 50.
Bg2 Ke2 51. Kb4 Ke3 52. Ka5 Bg4 53. a4 Be2 54. Kb4 Kf4 0-1

[Event "*** SCC Grand Prix: Titled Tuesday Blitz"]
[Site "Chess.com"]
[Date "2020.10.13"]
[Round "6"]
[White "tteshan"]
[Black "Ramu_K_FM_FT"]
[Result "1-0"]
[WhiteElo "2377"]
[BlackElo "2108"]
[TimeControl "180+1"]
[EndTime "11:07:48 PDT"]
[Termination "tteshan won on time"]

1. e4 c5 2. c3 d5 3. exd5 Qxd5 4. d4 Nf6 5. Nf3 Bg4 6. Be2 e6 7. O-O Be7 8. Be3 O-O 9. dxc5 Nbd7 10. b4 a5 11. h3 Bh5 12. Nd4 Bxe2 13. Qxe2 Ne5 14. Rd1 Qc4 15. Bf4 Qxe2 16. Nxe2 Nc4 17. Nd2 Nb2 18.
Rdb1 Nd3 19. Be3 Nd5 20. a3 Bf6 21. Nd4 e5 22. Nb5 Nxe3 23. fxe3 Bg5 24. Nc4 e4 25. Nbd6 f5 26. Nxb7 f4 27. exf4 Nxf4 28. Nbxa5 Ne2+ 29. Kh1 Ng3+ 30. Kg1 Ne2+ 31. Kh1 Ng3+ 32. Kh2 Bf4 33. h4 Ne2+ 34. Kh3 Nxc3 35. Rb3 Nd5 36. c6 e3 37. Re1 Rae8 38. b5 g5 39. hxg5 Rf5 40. b6 Rxg5 41. g4 Re6 42. c7 Rh6+ 43.
Kg2 Rh2+ 44. Kf3 1-0

[Event "*** SCC Grand Prix: Titled Tuesday Blitz"]
[Site "Chess.com"]
[Date "2020.10.13"]
[Round "6"]
[White "ShcufNaiRolf"]
[Black "AurumO"]
[Result "1-0"]
[WhiteElo "2311"]
[BlackElo "1924"]
[TimeControl "180+1"]
[EndTime "11:07:48 PDT"]
[Termination "ShcufNaiRolf won on time"]

1. e4 c5 2. Nf3 Nc6 3. d4 cxd4 4. Nxd4 g6 5. Nc3 Bg7 6. Be3 Nf6 7. Bc4 O-O 8. Bb3 d6 9. f3 Bd7 10. Qd2 Nxd4 11.
Bxd4 b5 12. a4 b4 13. Nd5 Nxd5 14. Bxg7 Kxg7 15. exd5 Rc8 16. Qxb4 Bf5 17. Rc1 Qc7 18. Qd4+ Kg8 19. O-O Qc5 20. Qxc5 Rxc5 21. Rfe1 Rc7 22. g4 Bc8 23. Re3 Bb7 24. Rce1 Re8 25. a5 Kf8 26. c4 Ba6 27. Rc3 Rec8 28. Ra1 Rc5 29. Ra4 e6 30. dxe6 fxe6 31. Ba2 d5 32. cxd5 exd5 33.
Rxc5 Rxc5 34. Kf2 Rc2+ 35. Kg3 Rxb2 36. Bxd5 Rd2 37. Be4 Kg7 38. g5 Rd7 39. h4 Bb7 40. Bc2 Rc7 41. Bd3 Rc3 42. Rd4 Rc7 43. Rd6 Rf7 44.
a6 Bxf3 45. Bc4 Rf8 46. Rd7+ Kh8 47. Rxa7 Bc6 48. Rf7 Rxf7 49. Bxf7 Kg7 50. Bc4 Kf8 51. Be2 Ke7 52. Bf3 Kd6 53. a7 1-0

[Event "*** SCC Grand Prix: Titled Tuesday Blitz"]
[Site "Chess.com"]
[Date "2020.10.13"]
[Round "6"]
[White "allvim"]
[Black "LedakovAlexandr"]
[Result "0-1"]
[WhiteElo "2301"]
[BlackElo "2462"]
[TimeControl "180+1"]
[EndTime "11:07:49 PDT"]
[Termination "LedakovAlexandr won by resignation"]

1. e4 Nc6 2. Nc3 d6 3. f4 g6 4.
Nf3 Bg7 5. Bb5 Nf6 6. O-O O-O 7. d3 Nd7 8. Be3 e6 9. a3 Nb6 10. d4 d5 11. e5 Bd7 12. Bd3 Nc4 13. Bxc4 dxc4 14.
Ne4 Ne7 15. g4 Nd5 16. Bd2 f5 17. gxf5 Rxf5 18. Nfg5 Qe7 19. Qe2 b5 20. Rf2 h6 21.
Nh3 Qh4 22. Qf3 Bc6 23. Qg3 Qxg3+ 24. hxg3 Nxf4 25. Nxf4 Bxe4 26. Nxe6 c6 27. c3 Rxf2 28. Kxf2 Bd5 29. Nf4 Rf8 30. Ke2 Be4 31. Re1 g5 32.
Ne6 Bd3+ 33. Ke3 Re8 34. Nc5 Kh7 35. Nxd3 cxd3 36. Kxd3 Kg6 37. Rf1 h5 38. Be3 Rh8 39. Ke4 h4 40. gxh4 Rxh4+ 41. Kf3 Rh3+ 42. Ke2 g4 43. Rg1 Kf5 44. e6 Rh2+ 45. Kd3 Kxe6 46.
Rxg4 Bf6 47. Re4+ Kd7 48. Bf4 Rxb2 49. Be5 Be7 50. Bf4 Bxa3 51. Re5 Be7 52. Rh5 Rf2 53. Be3 Rf7 54. Rh4 a5 55. Rh3 a4 56. Rh1 Ke6 57.
Rb1 Kd5 58. Rc1 Rf3 59. c4+ bxc4+ 60. Rxc4 Rxe3+ 61. Kxe3 Kxc4 0-1

[Event "*** SCC Grand Prix: Titled Tuesday Blitz"]
[Site "Chess.com"]
[Date "2020.10.13"]
[Round "6"]
[White "ehrenfeld"]
[Black "As0nchess"]
[Result "1/2-1/2"]
[WhiteElo "2486"]
[BlackElo "2619"]
[TimeControl "180+1"]
[EndTime "11:07:50 PDT"]
[Termination "Game drawn by repetition"]

1. e4 c5 2. Nc3 Nc6 3. Bb5 Nd4 4.
Nf3 a6 5. Bd3 g6 6. Nxd4 cxd4 7.
Ne2 d5 8. e5 f6 9. f4 fxe5 10.
fxe5 Bg7 11. Nxd4 Bxe5 12. Nf3 Bg7 13. Qe2 Bg4 14. h3 Bxf3 15. Qxf3 e5 16. Qg4 Qd6 17. O-O Nf6 18. Qh4 O-O 19. c3 Nh5 20. Be2 Nf4 21.
Qe1 e4 22. d4 exd3 23. Bxf4 Qb6+ 24. Qf2 Qxf2+ 25. Rxf2 dxe2 26. Bd2 Rae8 27. Re1 Rxf2 28.
Kxf2 Kf7 29. Rxe2 Rxe2+ 30. Kxe2 Ke6 31. Kd3 Kf5 32. Be3 h5 33. a4 Bf8 34. Kd4 Ke6 35. b4 Bg7+ 36. Kd3 Kf5 37. b5 axb5 38. axb5 Be5 39. Bd2 Ke6 40. Be3 Bd6 41. c4 dxc4+ 42. Kxc4 Be7 43. Bc5 Bd8 44. Bd4 Be7 45. Bc5 Bg5 46.
Bd4 Kd6 47. Bf2 Kd7 48. Kd5 Bf6 49. Bc5 Bc3 50. Bd6 Bb2 51. Bf4 Bc3 52. Bg3 Bb2 53. Bf4 Bc3 54. Bg3 Bb2 55. Bf4 1/2-1/2

[Event "*** SCC Grand Prix: Titled Tuesday Blitz"]
[Site "Chess.com"]
[Date "2020.10.13"]
[Round "6"]
[White "rasmussvane"]
[Black "cassoulet"]
[Result "1-0"]
[WhiteElo "2906"]
[BlackElo "2717"]
[TimeControl "180+1"]
[EndTime "11:07:52 PDT"]
[Termination "rasmussvane won by resignation"]

1. Nf3 Nf6 2. g3 e6 3. Bg2 Be7 4. O-O O-O 5. c4 d5 6. b3 b6 7. d4 Bb7 8. Nc3 Nbd7 9. Bb2 dxc4 10. bxc4 c5 11. d5 exd5 12. cxd5 Bd6 13. Nb5 Bb8 14. a4 Bxd5 15. Qc2 Be4 16. Qc4 Qe7 17. Rad1 a6 18.
Nc3 Bc6 19. Qb3 Bc7 20. e4 b5 21. axb5 axb5 22. Nd5 Bxd5 23. exd5 Rab8 24. d6 Bxd6 25. Rfe1 Ne4 26. Nh4 c4 27. Qc2 f5 28. Nxf5 Rxf5 29.
Bxe4 Re5 30. Bxe5 Nxe5 31. f4 Qa7+ 32. Kg2 Nd3 33. Bxd3 cxd3 34. Qxd3 Bf8 35. Qd7 Qa8+ 36. Qd5+ Qxd5+ 37. Rxd5 b4 38. Rb1 g6 39. Rb3 Ra8 40.
Kf3 Ra7 41. h4 Kf7 42. Rbd3 Ke6 43. Re5+ Kf7 44. Kg4 Bg7 45. Red5 Ke6 46. Rd6+ Ke7 47. Rb6 Bc3 48. Rd5 Kf7 49. h5 Kg7 50. Rdb5 gxh5+ 51. Kxh5 Ra1 52. Rb7+ Kg8 53. Kg5 Rh1 54. g4 Rd1 55. Kf5 Rd6 56. Rb8+ Kg7 57. R5b7+ Kh6 58. g5+ Kh5 59. Rxh7+ 1-0

[Event "*** SCC Grand Prix: Titled Tuesday Blitz"]
[Site "Chess.com"]
[Date "2020.10.13"]
[Round "6"]
[White "GameOverBro"]
[Black "alexrustemov"]
[Result "1-0"]
[WhiteElo "2542"]
[BlackElo "2680"]
[TimeControl "180+1"]
[EndTime "11:07:52 PDT"]
[Termination "GameOverBro won on time"]

1. e4 e6 2. d4 d5 3. Nd2 c5 4. exd5 Qxd5 5. Ngf3 cxd4 6. Bc4 Qd7 7. Nb3 Nc6 8.
Nbxd4 Nxd4 9. Nxd4 a6 10. Be3 Nf6 11. Qe2 Qc7 12. O-O-O Bd7 13. f4 O-O-O 14. Rd3 Bb4 15. Rb3 Qa5 16. a3 Bc5 17. Rc3 Bxd4 18. Bxd4 Bc6 19.
Bxf6 gxf6 20. Bxa6 Qxa6 21. Qxa6 bxa6 22. Rxc6+ Kb7 23.
Rc4 h5 24. Rd1 Rxd1+ 25. Kxd1 Rg8 26. g3 h4 27. Rc3 hxg3 28. hxg3 Rh8 29. Ke2 Rh2+ 30.
Kd3 f5 31. Kd4 f6 32. b4 Rd2+ 33. Kc4 Kc6 34. Re3 Rxc2+ 35. Kb3 Rg2 36. Rxe6+ Kd5 37. Rxf6 Rxg3+ 38. Ka4 Ke4 39. Rxa6 Kxf4 40. Rf6 Ke5 41. Rf8 f4 42. b5 Rg6 43. Ka5 Rd6 44. a4 Rd3 45. b6 Rb3 46. Ka6 f3 47. a5 Kd6 48.
Ka7 Kc6 49. Rf6+ Kc5 50. a6 f2 51. Rxf2 Rxb6 52. Rc2+ 1-0

[Event "*** SCC Grand Prix: Titled Tuesday Blitz"]
[Site "Chess.com"]
[Date "2020.10.13"]
[Round "6"]
[White "Supernotar"]
[Black "Zhigalko_Sergei"]
[Result "1-0"]
[WhiteElo "2846"]
[BlackElo "2922"]
[TimeControl "180+1"]
[EndTime "11:07:53 PDT"]
[Termination "Supernotar won by checkmate"]

1. d4 Nf6 2. c4 e6 3. Nf3 b6 4. g3 Ba6 5. Nbd2 Bb4 6. Qc2 Bb7 7. Bg2 Be4 8. Qd1 O-O 9. O-O Bxd2 10. Qxd2 d6 11. b3 Nbd7 12. Bb2 h6 13. Rac1 a5 14. a3 Re8 15. Rfd1 Qb8 16. Ne1 Bxg2 17. Nxg2 b5 18.
Ba1 a4 19. b4 bxc4 20. Rxc4 Nb6 21. Rc2 d5 22. Ne3 Ne4 23. Qd3 Nd6 24. Rdc1 Nbc4 25. Nxc4 Nxc4 26. Rxc4 dxc4 27. Rxc4 Rd8 28. Qc3 Qb5 29.
d5 f6 30. Rxc7 e5 31. e4 Qe2 32. Rc4 Ra7 33. Kg2 Rad7 34. h4 f5 35. exf5 Rxd5 36. b5 Rd1 37. Qxe5 Qf1+ 38. Kf3 R1d3+ 39. Kg4 Qd1+ 40. Kh3 Qh1+ 41. Kg4 Qd1+ 42. Kh3 R3d4 43. Bxd4 Qh1+ 44. Kg4 Qd1+ 45. f3 h5+ 46. Kg5 Qd2+ 47. f4 Rd7 48. Qe8+ Kh7 49. Qxh5+ Kg8 50. Rc8+ Rd8 51. Rxd8# 1-0

[Event "*** SCC Grand Prix: Titled Tuesday Blitz"]
[Site "Chess.com"]
[Date "2020.10.13"]
[Round "6"]
[White "Msb2"]
[Black "starworld123"]
[Result "1-0"]
[WhiteElo "2938"]
[BlackElo "2726"]
[TimeControl "180+1"]
[EndTime "11:07:53 PDT"]
[Termination "Msb2 won by resignation"]

1. d4 Nf6 2. c4 e6 3. Nc3 Bb4 4. e3 O-O 5. Bd2 d5 6. Nf3 c5 7. a3 Bxc3 8. Bxc3 Ne4 9. Rc1 cxd4 10. Nxd4 e5 11. Nf3 Nxc3 12. Rxc3 d4 13. exd4 e4 14. Ng1 Nc6 15. Ne2 Bg4 16. d5 Ne5 17. Qd4 Nd3+ 18. Kd2 Qg5+ 19. Qe3 Qf6 20. f3 exf3 21.
gxf3 Bxf3 22. Rg1 Bxe2 23. Bxe2 Nf4 24. Rf1 g5 25. Bd1 Rfe8 26. Qg1 b5 27. h4 h6 28. hxg5 hxg5 29. c5 a5 30. Kc1 b4 31. Rg3 Re5 32. Qd4 Kf8 33. a4 Rc8 34. Kb1 Qf5+ 35. Bc2 Qf6 36. Ka2 Rf5 37. Qxf6 Rxf6 38. Rxg5 Nxd5 39.
Rxf6 Nxf6 40. Bb3 Ne4 41. Rf5 Nxc5 42. Rxf7+ Ke8 43. Ra7 Nxb3 44. Kxb3 Rc5 45. Rb7 Kd8 46. Rb5 Rxb5 47. axb5 Kc7 48. Ka4 Kb6 49. b3 1-0